 Dungeon Crawl Stone Soup version 0.28.0-53-g5a82cb258f (webtiles) character file.

Game seed: 16118854517271326201

164 jiml777 the Digger (level 5, -2/28 HPs)
             Began as a Gargoyle Earth Elementalist on June 3, 2022.
             Slain by a gnoll
             ... wielding a +0 halberd
              (3 damage)
             ... on level 3 of the Dungeon.
             The game lasted 00:14:16 (2803 turns).

jiml777 the Digger (Gargoyle Earth Elementalist)    Turns: 2803, Time: 00:14:17

Health: -2/28      AC:  7    Str: 11    XL:     5   Next: 45%
Magic:  2/9        EV: 11    Int: 18    God:
Gold:   114        SH:  0    Dex: 10    Spells: 4/10 levels left

rFire   + . .      SeeInvis .   a - +0 short sword
rCold   x . .      Faith    .   (no shield)
rNeg    + . .      Spirit   .   k - +0 leather armour
rPois   ∞          Reflect  .   (no helmet)
rElec   +          Harm     .   (no cloak)
rCorr   .          Rampage  .   (no gloves)
Will    .....                   (no boots)
Stlth   ++........              (no amulet)
HPRegen 0.09/turn               m - ring of fire
MPRegen 0.11/turn               (no ring)

@: no status effects
A: sickness immunity, AC +4, negative energy resistance 1, electricity
resistance, torment resistance 1, petrification resistance
a: no special abilities


You were on level 3 of the Dungeon.
You visited 1 branch of the dungeon, and saw 3 of its levels.

You collected 114 gold pieces.

Inventory:

Hand Weapons
 a - a +0 short sword (weapon)
 n - a +0 hunting sling
Missiles
 f - 19 sling bullets
 i - 23 bolts
 o - 18 arrows
Armour
 b - a +0 robe
 k - a +0 leather armour (worn)
Jewellery
 m - a ring of fire (left hand)
Scrolls
 d - a scroll of silence {unknown}
 j - a scroll of acquirement {unknown}
Potions
 g - a potion of brilliance
 h - a potion of haste {unknown}
 l - 4 potions of curing


   Skills:
 + Level 0.2 Fighting
 + Level 0.5 Short Blades
 + Level 0.1 Armour
 + Level 2.5 Dodging
 + Level 2.3 Stealth
 + Level 3.0 Spellcasting
 + Level 0.7 Transmutations
 + Level 5.4 Earth Magic


You had 4 spell levels left.
You knew the following spells:

 Your Spells              Type           Power      Damage    Failure   Level
a - Sandblast             Erth           44%        2d11      2%          1
b - Stone Arrow           Conj/Erth      24%        3d8       22%         3
c - Passwall              Tmut/Erth      10%        N/A       9%          2

Your spell library contained the following spells:

 Spells                   Type           Power      Damage    Failure   Level
 Petrify                  Tmut/Erth      13%        N/A       52%         4


Dungeon Overview and Level Annotations

Branches:
Dungeon (3/15)

Altars:


Innate Abilities, Weirdness & Mutations

You are immune to sickness and miasma.
Your stone body is resilient. (AC +4)
You are immune to poison.
You resist negative energy. (rN+)
You are resistant to electric shocks. (rElec)
You are resistant to unholy torment.
You are immune to petrification.


Message History

You hit the gnoll.
The gnoll is lightly wounded.
The gnoll completely misses you. The gnoll misses you.
You closely miss the gnoll.
The gnoll is lightly wounded.
The gnoll barely misses you. The gnoll completely misses you.
You hit the gnoll.
The gnoll is moderately wounded.
The gnoll hits you with a +0 flail! The gnoll barely misses you.
You barely miss the gnoll. Your punch misses the gnoll.
The gnoll is moderately wounded.
The gnoll misses you. The gnoll barely misses you.
You hit the gnoll.
The gnoll is severely wounded.
The gnoll hits you with a +0 flail. The gnoll barely misses you.
You hit the gnoll.
The gnoll is almost dead.
The gnoll hits you but does no damage.
The gnoll hits you from afar with a +0 halberd!
* * * LOW HITPOINT WARNING * * *
The gnoll barely misses you.
Your magical contamination has completely faded away.
You hit the gnoll but do no damage.
The gnoll is almost dead.
The gnoll hits you from afar with a +0 halberd.
* * * LOW HITPOINT WARNING * * *
The gnoll barely misses you. x2
Unknown command.
You hit the gnoll.
You kill the gnoll!
The gnoll hits you but does no damage.
You barely miss the kobold. The kobold closely misses you.
The gnoll closely misses you.
You hit the kobold but do no damage. The kobold misses you.
The gnoll barely misses you.
You hit the kobold.
The kobold is severely wounded.
The kobold hits you but does no damage.
The gnoll hits you from afar with a +0 halberd.
You die...

### ###### ##.### #....#
### #....#####....# #.#
#.##..........# #.#
#.#######.....# #.# #†#
#.....####$# #.#
###.#...#.@Kg### ..#
###.........##l).#
.####....####...####......
................# .....
.....)†.........# l...
......########... ...
......# #.... ## ......###
#..... ...##...# ......


You could see a gnoll, a kobold and a frilled lizard.

Vanquished Creatures
  6 gnolls
  4 adders
  3 worms (D:2)
  An orc (D:3)
  4 bats
  5 endoplasms
  4 giant cockroaches
  6 hobgoblins
  9 jackals (D:1)
  2 kobolds
  A quokka (D:1)
  4 ball pythons
  A frilled lizard (D:2)
  5 goblins
  3 rats
58 creatures vanquished.

Notes
Turn   | Place    | Note
-------+----------+-------------------------------------------
     0 | D:1      | jiml777 the Gargoyle Earth Elementalist began the quest for
                  | the Orb.
     0 | D:1      | Reached XP level 1. HP: 10/10 MP: 3/3
   202 | D:1      | Reached skill level 4 in Earth Magic
   203 | D:1      | Reached XP level 2. HP: 15/15 MP: 1/5
   773 | D:1      | Reached XP level 3. HP: 19/19 MP: 3/6
  1217 | D:2      | Reached XP level 4. HP: 22/24 MP: 0/7
  1476 | D:2      | Reached skill level 5 in Earth Magic
  2339 | D:2      | Reached XP level 5. HP: 28/28 MP: 7/9
  2346 | D:2      | Learned a level 3 spell: Stone Arrow
  2349 | D:2      | Learned a level 2 spell: Passwall
  2799 | D:3      | HP: 1/28 [gnoll/+0 halberd (5)]
  2803 | D:3      | Slain by a gnoll

Illustrated notes

Levels and vault maps discovered:
D:1:      psy_arrival_conway, layout_basic
D:2:      layout_loops_ring
D:3:      layout_rooms, shapermc_ecumenical_altar_hornbeckon, minmay_unequal

Skill      XL: |  1  2  3  4  5 |
---------------+----------------+-----
Earth Magic    | 4 5 |  5.4
Dodging        | 2 |  2.5
Spellcasting   | 3 |  3.0
Fighting       | |  0.2
Short Blades   | |  0.5
Armour         | |  0.1
Stealth        | |  2.3
Transmutations | |  0.7

Action                   |  1- 3 |  4- 6 || total
-------------------------+-------+-------++-------
Melee: Unarmed           |    16 |       ||    16
       Short sword       |    38 |    95 ||   133
       Punch             |     1 |     2 ||     3
 Cast: Sandblast         |    30 |    34 ||    64
       Stone Arrow       |       |     2 ||     2
  Use: Scroll            |       |     2 ||     2
 Stab: Sleeping          |     1 |     2 ||     3
Armor: Robe              |    25 |       ||    25
       Leather armour    |       |    42 ||    42
Dodge: Dodged            |    45 |    87 ||   132
